 Dungeon Crawl Stone Soup version 0.19.3-1-g3169bf9 (webtiles) character file.

324 Clownie the Vexing (level 6, 0/41 HPs)
             Began as a Formicid Enchanter on Jan 26, 2017.
             Succumbed to an orc's poison
             ... on level 3 of the Dungeon.
             The game lasted 00:11:24 (3882 turns).

Clownie the Vexing (Formicid Enchanter)             Turns: 3882, Time: 00:11:25

Health: 0/41       AC: 12    Str: 12 (14) XL:     6   Next: 77%
Magic:  2/9        EV: 14    Int: 14 (15) God:
Gold:   107        SH:  0    Dex:  8 (11) Spells: 2 memorised, 6 levels left

rFire  . . .     SeeInvis +     d - 4 bread rations
rCold  . . .     Gourm    .     b - +2 robe
rNeg   . . .     Faith    .     (no shield)
rPois  .         Spirit   +     (helmet unavailable)
rElec  .         Reflect  .     i - +1 cloak
rCorr  .         Harm     .     (no gloves)
MR     .....     Clarity  +     (no boots)
Stlth  +.........               o - amulet of guardian spirit
                                v - +4 ring of protection
                                u - ring of loudness (curse)

@: lethally poisoned (0 -> -12), flying
A: permanent stasis, dig shafts and tunnels, four strong arms, antennae 3,
repulsion field 1, yellow scales 1, clarity
a: Dig, Shaft Self


You were on level 3 of the Dungeon.
You were hungry.

You visited 1 branch of the dungeon, and saw 4 of its levels.

You collected 107 gold pieces.

Inventory:

Hand Weapons
 a - a +1 short sword of flaming
Armour
 b - a +2 robe (worn)
 i - a +1 cloak (worn)
Jewellery
 j - an uncursed ring of resist corrosion
 o - an amulet of guardian spirit (around neck)
 s - a +3 ring of dexterity
 u - a cursed ring of loudness (left hand)
 v - a +4 ring of protection (right hand)
Scrolls
 f - 5 scrolls of enchant armour
 l - a scroll of amnesia
 m - 4 scrolls of fog
 q - a scroll of noise
Potions
 e - a potion of degeneration
 g - a potion of cure mutation
 t - a potion of haste
Books
 c - a book of Maledictions

   Spells                             Type                      Level
   a - Corona                         Hexes                        1
   b - Ensorcelled Hibernation        Hexes/Ice                    2
   c - Confuse                        Hexes                        3
   d - Tukima's Dance                 Hexes                        3
   e - Dazzling Spray                 Conjuration/Hexes            3
Comestibles
 d - 4 bread rations (in hand)
 p - a meat ration


   Skills:
 - Level 5.2 Short Blades
 - Level 1.7 Dodging
 - Level 3.6 Stealth
 - Level 2.1 Spellcasting
 + Level 5.7 Hexes


You had 6 spell levels left.
You knew the following spells:

 Your Spells              Type           Power        Failure   Level  Hunger
a - Corona                Hex            ###....      2%          1    #......
b - Ensorcelled Hibernat  Hex/Ice        #.....       14%         2    ###....


Dungeon Overview and Level Annotations

Branches:
Dungeon (4/15)
 Temple: D:4-7

Altars:
Uskayaw

Annotations:
D:4 Alarkh's ghost, amateur DsMo


Innate Abilities, Weirdness & Mutations

You are under a permanent stasis effect.
You can dig through walls and to a lower floor.
Your four strong arms can wield two-handed weapons with a shield.
You have a pair of large antennae on your head. (SInv)
You are surrounded by a mild repulsion field. (EV +2)
You are partially covered in yellow scales. (AC +2)
You possess an exceptional clarity of mind.


Message History

You feel sick.
The helpless orc fails to defend itself.
You puncture the orc! You burn the orc.
You kill the orc!
* * * LOW HITPOINT WARNING * * *
You feel sick.
It was a potion of mutation.
You feel extremely strange.
Yellow scales grow over part of your body.
You begin to radiate repulsive energy.
Your thoughts seem clearer.
* * * LOW HITPOINT WARNING * * *
You feel sick.
It was a potion of flight.
You feel very buoyant.
You fly up into the air.
* * * LOW HITPOINT WARNING * * *
You feel sick.
Wield which item (- for none, * to show all)? (? for menu, Esc to quit)
Your +1 short sword of flaming stops flaming.
d - 4 bread rations (in hand)
You die...

.#..........######## ####....##
.####.(.......?....###.......###
.##_##....#....................#
##...##..##............###.....#
#.....#.........#.#.##.....##..#
#.....#........#.....#.####....##
#.....###..)...........##...##..#
##...###.(.............#..#####.#
#.....##.....((.@........######.#
#.....#.......((.)..)..#####.....
#.....#...............<..........
##...##................#####.....
.##.##................######.....
.......###...........###.........
#.#.#### #######.....###.........
#....# ##..##...#....#####
#.##.##########...####......#


There were no monsters in sight!

Vanquished Creatures
  A phantom (D:4)
  A hound (D:4)
  2 orc wizards (D:4)
  4 adders
  3 oozes
  A worm (D:2)
  8 dart slugs
  4 leopard geckos
  6 orcs
  8 giant cockroaches
  6 goblins
  5 hobgoblins
  4 jackals
  8 kobolds
  2 quokkas
  2 ball pythons (D:1)
  4 bats
  6 frilled lizards
  8 rats
83 creatures vanquished.

Notes
Turn   | Place    | Note
-------+----------+-------------------------------------------
     0 | D:1      | Clownie the Formicid Enchanter began the quest for the Orb.
     0 | D:1      | Reached XP level 1. HP: 13/13 MP: 3/3
   308 | D:1      | Reached XP level 2. HP: 16/19 MP: 3/5
   755 | D:1      | Reached XP level 3. HP: 23/24 MP: 4/6
  1351 | D:2      | Reached XP level 4. HP: 30/30 MP: 5/7
  2607 | D:3      | Reached XP level 5. HP: 35/35 MP: 6/8
  3085 | D:3      | Found a hide-covered altar of Uskayaw.
  3184 | D:4      | Noticed an ogre
  3386 | D:3      | Learned a level 2 spell: Ensorcelled Hibernation
  3459 | D:4      | Noticed Alarkh's ghost (amateur DsMo)
  3533 | D:4      | Reached skill level 5 in Short Blades
  3659 | D:4      | Reached XP level 6. HP: 34/41 MP: 5/9
  3663 | D:4      | Noticed a phantom
  3749 | D:4      | Killed a phantom
  3749 | D:4      | Reached skill level 5 in Hexes
  3880 | D:3      | Gained mutation: You are partially covered in yellow scales. (AC +2) [potion of mutation]
  3880 | D:3      | Gained mutation: You are surrounded by a mild repulsion field. (EV +2) [potion of mutation]
  3880 | D:3      | Gained mutation: You possess an exceptional clarity of mind. [potion of mutation]
  3880 | D:3      | HP: 2/41 [poisoned by an orc]
  3882 | D:3      | Succumbed to an orc's poison

Skill      XL: |  1  2  3  4  5  6 |
---------------+-------------------+-----
Short Blades   | 2 3 4 5 |  5.2
Hexes          | 4 5 |  5.7
Dodging        | |  1.7
Stealth        | |  3.6
Spellcasting   | |  2.1

Action                   |  1- 3 |  4- 6 || total
-------------------------+-------+-------++-------
Melee: Dagger            |   129 |    94 ||   223
       Short sword       |       |   122 ||   122
 Cast: Corona            |    22 |    28 ||    50
       Ensorcelled Hiber |       |     2 ||     2
 Abil: Dig               |       |     6 ||     6
  Use: Scroll            |     1 |     8 ||     9
       Potion            |       |     4 ||     4
 Stab: Sleeping          |     1 |     7 ||     8
  Eat: Chunk             |     1 |     8 ||     9
       Beef jerky        |       |     1 ||     1
Armor: Robe              |    16 |    72 ||    88
Dodge: Dodged            |    71 |   100 ||   171
